[Event "Titled Tuesday Blitz May 31 Early 2022"]
[White "Livaic, Leon"]
[Black "Zhigalko, Sergei"]
[WhiteFideId "14531534"]
[BlackFideId "13502956"]
[WhiteElo "2540"]
[BlackElo "2662"]
[Result "0-1"]
[Round "06"]
[TimeControl "180+1"]
[Date "2022.05.31"]
[WhiteClock "0:00:04"]
[BlackClock "0:00:06"]

1. d4 Nf6 2. c4 e6 3. Nf3 b6 4. Bf4 Bb7 5. e3 Nh5 6. Nc3 Nxf4 7. exf4 g6 8. Bd3 Bg7 9. O-O O-O 10. Qe2 Bxf3 11. Qxf3 Nc6 12. d5 Nd4 13. Qe3 Re8 14. Qd2 c6 15. Rfe1 Rc8 16. Rad1 Qc7 17. Be4 exd5 18. cxd5 b5 19. Qd3 Qxf4 20. g3 Qd6 21. Bg2 Qb4 22. Ne4 f5 23. Qd2 Qxd2 24. Nxd2 c5 25. Rxe8+ Rxe8 26. b3 d6 27. Bf1 Bh6 28. Kg2 Bxd2 29. Rxd2 a5 30. Rd1 Kg7 31. h4 Kf6 32. Bd3 Re5 33. f4 Re3 34. Kf2 Rf3+ 35. Kg2 Re3 36. Kf2 Re7 37. Bf1 Ra7 38. Rb1 h6 39. a4 b4 40. Re1 Re7 41. Rxe7 Kxe7 42. Bc4 Kf6 43. Ke3 g5 44. hxg5+ hxg5 45. Kf2 Kg6 46. Be2 Nxb3 47. g4 gxf4 48. gxf5+ Kxf5 49. Kf3 Nd4+ 50. Kf2 Nxe2 0-1


[Site "https://www.chess.com"]

[Event "Titled Tuesday Blitz May 31 Early 2022"]
[White "Lopez Del Alamo, Antonio"]
[Black "Fantinel, Thibault"]
[WhiteFideId "2227339"]
[BlackFideId "663395"]
[WhiteElo "2089"]
[BlackElo "2349"]
[Result "0-1"]
[Round "06"]
[TimeControl "180+1"]
[Date "2022.06.01"]
[WhiteClock "0:00:03"]
[BlackClock "0:00:06"]

1. e4 c5 2. Nf3 e6 3. d3 Nc6 4. g3 g6 5. d4 cxd4 6. Nxd4 Bg7 7. Be3 Nge7 8. Nc3 O-O 9. Bg2 a6 10. O-O Ne5 11. Qe2 Qc7 12. Bf4 b5 13. a3 Bb7 14. Rad1 Rac8 15. Nb3 Rfd8 16. h3 Qc4 17. Bxe5 Qxe2 18. Nxe2 Bxe5 19. c3 d5 20. f4 Bc7 21. e5 Nf5 22. Rd3 a5 23. g4 Bb6+ 24. Nbd4 Nxd4 25. Nxd4 b4 26. axb4 axb4 27. Ra1 bxc3 28. bxc3 Rxc3 29. Rad1 Rdc8 30. Kh1 Rxd3 31. Rxd3 Rc1+ 32. Kh2 Ba6 33. Rd2 Bc4 34. f5 Bc7 35. Nf3 exf5 36. gxf5 f6 37. fxg6 hxg6 38. Rb2 fxe5 39. Rb7 Bd6 40. Rb6 Bc7 41. Rb7 Be2 42. Ng1 Ba6 43. Bxd5+ Kg7 44. Rxc7+ Rxc7 45. Nf3 Bb7 46. Bxb7 Rxb7 47. Nxe5 Kf6 48. Ng4+ Kg5 49. Nf2 Kf4 50. Kg2 Rb2 51. h4 Ra2 52. Kg1 Kg3 53. Ne4+ Kxh4 54. Nf2 g5 55. Kh1 Rxf2 56. Kg1 Ra2 0-1


[Site "https://www.chess.com"]

[Event "Titled Tuesday Blitz May 31 Early 2022"]
[White "Maghsoodloo, Parham"]
[Black "Martinez Alcantara, Jose Eduardo"]
[WhiteFideId "12539929"]
[BlackFideId "3805662"]
[WhiteElo "2630"]
[BlackElo "2690"]
[Result "0-1"]
[Round "06"]
[TimeControl "180+1"]
[Date "2022.05.31"]
[WhiteClock "0:01:04"]
[BlackClock "0:00:04"]

1. d4 Nf6 2. c4 e6 3. g3 Bb4+ 4. Bd2 Qe7 5. Bg2 O-O 6. e4 Bxd2+ 7. Nxd2 d6 8. Ne2 e5 9. d5 a5 10. b3 c6 11. a3 Bd7 12. O-O Na6 13. h3 b5 14. dxc6 Bxc6 15. Nc3 b4 16. axb4 axb4 17. Nd5 Bxd5 18. cxd5 Nc5 19. Qc2 Qc7 20. Nc4 h6 21. Kh2 Rfc8 22. f4 Rxa1 23. Rxa1 Nxb3 24. Qxb3 Qxc4 25. Qxc4 Rxc4 26. fxe5 dxe5 27. Ra8+ Kh7 28. Ra7 Kg6 29. d6 Rd4 30. Ra6 Nd7 31. h4 Kf6 32. Bh3 Nc5 33. Rb6 Nxe4 34. d7+ Ke7 35. Rb5 Nf6 36. Rxe5+ Kd8 37. Ra5 Nxd7 38. Rb5 Kc7 39. Bg2 f6 40. Kh3 g6 41. h5 gxh5 42. Bf3 h4 43. gxh4 Ne5 44. Bg2 Rd3+ 45. Kh2 Ng4+ 46. Kg1 Rd1+ 47. Bf1 Ne3 48. Kf2 Nxf1 49. Rxb4 Kd6 50. Rb5 Ra1 51. Rh5 Nd2 52. Rxh6 Ke5 53. Rh8 Ne4+ 54. Kf3 Ra3+ 55. Kg4 f5+ 56. Kh5 Rg3 57. Kh6 f4 58. h5 f3 59. Rf8 f2 60. Re8+ Kf5 61. Rf8+ Nf6 62. Ra8 Rf3 63. Ra4 f1=Q 64. Kg7 Ke5 65. h6 Rg3+ 66. Kf7 Nd5+ 67. Ke8 Qb5+ 68. Kf8 Qc5+ 69. Kf7 Qe7# 0-1


[Site "https://www.chess.com"]

[Event "Titled Tuesday Blitz May 31 Early 2022"]
[White "Maltsevskaya, Aleksandra"]
[Black "Royal, Shreyas"]
[WhiteFideId "24174041"]
[BlackFideId "448869"]
[WhiteElo "2235"]
[BlackElo "1986"]
[Result "0-1"]
[Round "06"]
[TimeControl "180+1"]
[Date "2022.06.01"]
[WhiteClock "0:00:01"]
[BlackClock "0:00:14"]

1. e4 e5 2. Nf3 Nc6 3. Bb5 a6 4. Ba4 Nf6 5. O-O Be7 6. Re1 b5 7. Bb3 d6 8. c3 O-O 9. h3 Nb8 10. d4 Nbd7 11. a3 Bb7 12. Nbd2 Re8 13. Ba2 Bf8 14. b4 g6 15. Ng5 Re7 16. Qb3 Qe8 17. Ndf3 h6 18. dxe5 dxe5 19. Nxf7 Rxf7 20. Rd1 Kg7 21. Nh4 Bd6 22. c4 Nxe4 23. c5 Ndxc5 24. bxc5 Bxc5 25. Be3 Bxe3 26. Qxe3 Rxf2 27. Bd5 Bxd5 28. Rxd5 Rf4 29. Nf3 Qc6 30. Rxe5 Qb6 31. Qxb6 cxb6 32. Rc1 Nd6 33. Rc7+ Rf7 34. Rc6 Rf6 35. Nd4 Nf7 36. Ne6+ Kg8 37. Re1 Re8 38. Rxb6 Nd8 39. Rxa6 Rfxe6 40. Rexe6 Rxe6 41. Ra8 Rd6 42. Rb8 Rd5 43. Kf2 Kf7 44. Ke3 Ne6 45. Rb7+ Kf6 46. Rb6 Ke5 47. Ra6 Rc5 48. Kd3 Nf4+ 49. Ke3 Nxg2+ 50. Kf3 Nf4 51. h4 Rc3+ 52. Kf2 Nd5 53. Ra5 Rb3 54. Ra6 Nf4 55. Ra8 Kf5 56. Ra5 Kg4 57. a4 bxa4 58. Rxa4 Rf3+ 59. Kg1 Kxh4 60. Ra2 Kg4 61. Kh2 h5 62. Ra1 h4 63. Rg1+ Rg3 64. Rf1 Rf3 65. Rg1+ Kh5 66. Ra1 g5 67. Ra5 Rb3 68. Kg1 h3 69. Ra2 Rb1+ 70. Kh2 Rb3 71. Ra5 Rb2+ 72. Kg3 Rg2+ 73. Kf3 h2 74. Ra1 Rg1 75. Kf2 Rxa1 76. Kg3 h1=Q 0-1


[Site "https://www.chess.com"]

[Event "Titled Tuesday Blitz May 31 Early 2022"]
[White "Martins, Bruno Andre Leite"]
[Black "Belenkaya, Dina"]
[WhiteFideId "1942255"]
[BlackFideId "24142654"]
[WhiteElo "2153"]
[BlackElo "2196"]
[Result "1/2-1/2"]
[Round "06"]
[TimeControl "180+1"]
[Date "2022.06.01"]
[WhiteClock "0:00:08"]
[BlackClock "0:00:17"]

1. d4 Nf6 2. Bf4 c5 3. d5 b5 4. f3 e6 5. e4 Qb6 6. dxe6 fxe6 7. Nc3 b4 8. Nb5 Na6 9. Nd6+ Bxd6 10. Qxd6 Bb7 11. O-O-O Rc8 12. Qxb6 axb6 13. Rd6 Rc6 14. Rxc6 dxc6 15. Nh3 Ke7 16. Bxa6 Bxa6 17. Rd1 Rd8 18. Bc7 Rxd1+ 19. Kxd1 Nd7 20. Ke1 c4 21. Nf2 c3 22. bxc3 bxc3 23. Nd1 Bc4 24. Nxc3 b5 25. a3 Nc5 26. Ba5 Na4 27. Nxa4 bxa4 28. Bb4+ Kf6 29. Kf2 h5 30. Bc3+ Kf7 31. Kg3 Bf1 32. Kf2 Bc4 33. Be5 g6 34. g3 Ba2 35. Ke3 Ke7 36. g4 hxg4 37. fxg4 Bc4 38. h4 Kf7 39. Kf4 Be2 40. Kg5 Bd1 41. c3 Be2 42. h5 gxh5 43. gxh5 Bf3 44. h6 Bxe4 45. Kf4 Bf5 46. Bg7 Kg6 47. Ke5 Kf7 48. Kd6 Be4 49. c4 Bd3 50. c5 Be4 51. Kc7 Bd5 52. Kd6 Kg6 53. Ke5 Kh7 54. Kf6 Kg8 55. Kg6 Be4+ 56. Kg5 Bf5 57. Kf6 Kh7 58. Ke7 Kg6 59. Kd7 e5+ 60. Kxc6 e4 61. Kb7 e3 62. c6 e2 63. Bc3 Be4 64. Kb6 Kxh6 65. c7 Bf5 66. Kb7 Kg6 67. c8=Q Bxc8+ 68. Kxc8 Kf5 69. Kd7 Ke4 70. Kc6 Kd3 71. Be1 Kc4 72. Kb6 Kb3 73. Bb4 e1=Q 74. Bxe1 Kxa3 75. Kb5 Kb3 76. Bb4 a3 77. Bxa3 1/2-1/2


[Site "https://www.chess.com"]

[Event "Titled Tuesday Blitz May 31 Early 2022"]
[White "Meshkovs, Nikita"]
[Black "Xiong, Jeffery"]
[WhiteFideId "11602740"]
[BlackFideId "2047640"]
[WhiteElo "2506"]
[BlackElo "2727"]
[Result "0-1"]
[Round "06"]
[TimeControl "180+1"]
[Date "2022.05.31"]
[WhiteClock "0:02:11"]
[BlackClock "0:02:55"]

1. d4 d5 2. c4 e6 3. Nf3 dxc4 4. e3 a6 5. a4 Nf6 6. Bxc4 c5 7. Nc3 Nc6 8. O-O Qc7 9. Qe2 Bd6 10. Rd1 O-O 11. dxc5 Bxc5 12. e4 Ng4 13. Rf1 Nd4 0-1


[Site "https://www.chess.com"]

[Event "Titled Tuesday Blitz May 31 Early 2022"]
[White "Molina, Roberto Junio Brito"]
[Black "Gallo Garcia, Kemel Antonio"]
[WhiteFideId "2109450"]
[BlackFideId "3523896"]
[WhiteElo "2432"]
[BlackElo "2359"]
[Result "1/2-1/2"]
[Round "06"]
[TimeControl "180+1"]
[Date "2022.05.31"]
[WhiteClock "0:00:45"]
[BlackClock "0:00:19"]

1. d4 Nf6 2. c4 g6 3. Nc3 d5 4. Nf3 Bg7 5. Qb3 dxc4 6. Qxc4 O-O 7. e4 Nc6 8. Be2 e5 9. d5 Nd4 10. Nxd4 exd4 11. Qxd4 c6 12. Qd1 Re8 13. O-O Nxe4 14. Nxe4 Rxe4 15. dxc6 Rd4 16. cxb7 Bxb7 17. Qb3 Qe7 18. Be3 Rb4 19. Qd1 Rd8 20. Qe1 Rxb2 21. Rb1 Rxa2 22. Bc4 Rc2 23. Qb4 Qxb4 24. Rxb4 Rxc4 25. Rxc4 Ba6 26. Ra4 Bxf1 27. Kxf1 Rd1+ 28. Ke2 Ra1 29. Rc4 h5 30. Rc8+ Kh7 31. Rc7 Kg8 32. Bxa7 Be5 33. Rc8+ Kg7 34. Be3 Bf6 35. h3 Ra2+ 36. Kf3 Ra3 37. Rc4 Bg5 38. Re4 Bxe3 39. Rxe3 Rxe3+ 40. Kxe3 Kf6 41. Kf4 g5+ 42. Ke4 Ke6 43. g4 hxg4 44. hxg4 Kf6 45. Kd5 Kg6 46. Ke5 Kg7 47. Kf5 f6 48. Ke6 Kg6 49. Ke7 f5 50. f3 fxg4 51. fxg4 Kh6 52. Kf6 Kh7 53. Kf7 Kh6 54. Ke6 Kh7 55. Kf5 Kh6 56. Kf6 Kh7 57. Kxg5 Kg7 58. Kf5 Kf7 59. Ke4 Kg6 60. Ke3 Kg5 61. Kf3 Kg6 62. Kg3 Kg5 63. Kh3 Kg6 64. Kg2 Kg5 65. Kg3 Kg6 66. Kf4 Kf6 67. g5+ Kg6 68. Kg4 Kg7 69. Kf5 Kf7 70. g6+ Kg7 71. Kg5 Kg8 72. Kh4 Kg7 73. Kh5 Kg8 74. Kg4 Kg7 75. Kg5 Kg8 76. Kh6 Kh8 77. g7+ Kg8 78. Kg6 1/2-1/2


[Site "https://www.chess.com"]

[Event "Titled Tuesday Blitz May 31 Early 2022"]
[White "Nakamura, Hikaru"]
[Black "Sjugirov, Sanan"]
[WhiteFideId "2016192"]
[BlackFideId "4189302"]
[WhiteElo "2850"]
[BlackElo "2602"]
[Result "1-0"]
[Round "06"]
[TimeControl "180+1"]
[Date "2022.05.31"]
[WhiteClock "0:00:32"]
[BlackClock "0:00:02"]

1. Nf3 d5 2. e3 Nf6 3. c4 e6 4. d4 a6 5. c5 Nc6 6. a3 Ne4 7. b4 g5 8. Bb2 Bg7 9. Nbd2 f5 10. Nb3 O-O 11. Bd3 Bd7 12. Qe2 g4 13. Ne5 Nxe5 14. dxe5 Qh4 15. Bd4 Ba4 16. Nc1 b6 17. cxb6 cxb6 18. O-O b5 19. Bb1 Rac8 20. Qb2 Ng5 21. Nd3 Rc6 22. Kh1 Rfc8 23. Nc5 Nf7 24. Bd3 Qe7 25. f4 Nd8 26. Rfc1 Nb7 27. Nxa4 bxa4 28. Bxa6 Rxc1+ 29. Rxc1 Rxc1+ 30. Qxc1 Nd8 31. Qc8 Bf8 32. g3 Nf7 33. Bb5 Qd8 34. Qxe6 Qc7 35. Qc6 1-0


[Site "https://www.chess.com"]

[Event "Titled Tuesday Blitz May 31 Early 2022"]
[White "Namitbir Singh Walia"]
[Black "Maevsky, Nikolay"]
[WhiteFideId "35071068"]
[BlackFideId "4198220"]
[WhiteElo "1565"]
[BlackElo "2149"]
[Result "1/2-1/2"]
[Round "06"]
[TimeControl "180+1"]
[Date "2022.06.01"]
[WhiteClock "0:00:13"]
[BlackClock "0:00:11"]

1. d4 e5 2. c4 exd4 3. Nf3 Nc6 4. Nxd4 Bb4+ 5. Nc3 Nge7 6. e4 O-O 7. Be3 d6 8. Bd3 Ne5 9. O-O Bxc3 10. bxc3 f5 11. exf5 Nxf5 12. Nxf5 Bxf5 13. Bxf5 Rxf5 14. Qd5+ Rf7 15. Qxb7 Nxc4 16. Bg5 Qc8 17. Qd5 Nb6 18. Qb3 Qg4 19. Be3 Rf8 20. Rfd1 h6 21. Rd4 Qg6 22. Rf4 Kh7 23. Rxf7 Rxf7 24. Rd1 Re7 25. Qb1 Re4 26. h3 Ra4 27. Qb3 Qe4 28. Qf7 Nd5 29. Bd4 Rxd4 30. Rxd4 Qe1+ 31. Kh2 Nxc3 32. Rg4 Qe5+ 33. f4 Qf6 34. Qxc7 Ne4 35. Qxa7 d5 36. Qe3 h5 37. Rg5 Nxg5 38. fxg5 Qd6+ 39. Qg3 Qa6 40. g6+ Kh6 41. h4 Qf6 42. a4 d4 43. a5 d3 44. Qxd3 Qe5+ 45. Qg3 Qxa5 46. Qd6 Qf5 47. g3 Qxg6 48. Qxg6+ Kxg6 49. Kg2 Kf6 50. Kf3 Kf5 51. Kf2 Kg4 52. Kg2 g6 53. Kf2 g5 54. hxg5 Kxg5 55. Kf3 Kf5 56. Kf2 Kg4 57. Kg2 Kg5 58. Kf3 Kh6 59. Kf4 Kg6 60. Kf3 Kf5 61. Kf2 Ke4 62. Kg2 Kf5 63. Kh3 Kg5 64. Kh2 Kg4 65. Kg2 h4 66. gxh4 Kxh4 1/2-1/2


[Site "https://www.chess.com"]

[Event "Titled Tuesday Blitz May 31 Early 2022"]
[White "Oparin, Grigoriy"]
[Black "Dubov, Daniil"]
[WhiteFideId "24125890"]
[BlackFideId "24126055"]
[WhiteElo "2665"]
[BlackElo "2791"]
[Result "1-0"]
[Round "06"]
[TimeControl "180+1"]
[Date "2022.05.31"]
[WhiteClock "0:01:19"]
[BlackClock "0:00:02"]

1. g3 g6 2. Bg2 Bg7 3. c4 e5 4. Nc3 Nf6 5. e3 O-O 6. Nge2 c6 7. d4 d6 8. O-O Re8 9. b3 h5 10. h3 Qc7 11. e4 exd4 12. Nxd4 Nbd7 13. Bg5 Nc5 14. Re1 a5 15. Qd2 a4 16. b4 Ne6 17. Be3 Nxd4 18. Bxd4 Be6 19. Qf4 Qe7 20. Nd5 cxd5 21. exd5 Rac8 22. dxe6 fxe6 23. Rad1 e5 24. Qg5 Qf7 25. Be3 Nh7 26. Qh4 Rxc4 27. Qxc4 Qxc4 28. Bd5+ Qxd5 29. Rxd5 Bf8 30. Ra5 Nf6 31. Bg5 Nd7 32. Rxa4 d5 33. Ra7 Bxb4 34. Rd1 Bc5 35. Rxb7 Nb6 36. a4 d4 37. a5 Na4 38. a6 Ra8 39. Bf6 Rxa6 40. Bxe5 Nc3 41. Re1 Re6 42. Rg7+ Kf8 43. Rc7 Bb6 44. Bg7+ Kg8 45. Rxe6 Bxc7 46. Bxd4 Kf7 47. Rf6+ 1-0


[Site "https://www.chess.com"]

[Event "Titled Tuesday Blitz May 31 Early 2022"]
[White "Paravyan, David"]
[Black "Macovei, Andrei"]
[WhiteFideId "4194985"]
[BlackFideId "13904680"]
[WhiteElo "2569"]
[BlackElo "2472"]
[Result "1/2-1/2"]
[Round "06"]
[TimeControl "180+1"]
[Date "2022.05.31"]
[WhiteClock "0:00:07"]
[BlackClock "0:00:05"]

1. e4 c6 2. d4 d5 3. e5 Bf5 4. Nf3 e6 5. Be2 Ne7 6. O-O c5 7. dxc5 Nec6 8. Bg5 Be7 9. Bxe7 Qxe7 10. c4 dxc4 11. Nbd2 O-O 12. Nxc4 Nd7 13. Qd6 Nxc5 14. Qxe7 Nxe7 15. Nd6 Bd3 16. Bxd3 Nxd3 17. Rfd1 Nxb2 18. Rdb1 Nd3 19. Rxb7 Ng6 20. Rb5 a6 21. Ra5 Rfb8 22. Rd1 Rb2 23. Ne4 Ndf4 24. g3 Nd5 25. Rc1 h6 26. h4 Re2 27. Nc3 Nxc3 28. Rxc3 Rb8 29. h5 Ne7 30. Nd4 Re1+ 31. Kg2 Nd5 32. Rb3 Rc8 33. Rxa6 Rxe5 34. Ra7 Re4 35. Nf3 Re2 36. Ng1 Rec2 37. Rbb7 R2c7 38. Rxc7 Nxc7 39. Nf3 Nb5 40. Rb7 Nc3 41. Ne5 f6 42. Ng6 Ra8 43. Nf4 Ra6 44. a3 e5 45. Ng6 Rxa3 46. Ne7+ Kf8 47. Nf5 Ne4 48. Rb8+ Kf7 49. Rb7+ Kf8 50. Nxg7 Ra2 51. Ne6+ Ke8 52. Kf3 Nxf2 53. Ng7+ Kf8 54. Nf5 e4+ 55. Ke3 Ng4+ 56. Kxe4 Ra4+ 57. Kf3 Ne5+ 58. Kg2 Ng4 59. Nd6 Kg8 60. Rb8+ Kg7 61. Nf5+ Kf7 62. Rb7+ Ke6 63. Ng7+ Ke5 64. Re7+ Kd4 65. Nf5+ Kd3 66. Kh3 Ne5 67. Nxh6 Ke4 68. Ng4 Ra1 69. Nxe5 fxe5 70. Kg4 Rh1 71. Kg5 Kf3 72. Rxe5 Kxg3 73. h6 Kf3 74. Kg6 Rg1+ 75. Rg5 Kf4 76. h7 Rxg5+ 77. Kh6 Rg1 78. h8=Q Rh1+ 79. Kg7 Rxh8 80. Kxh8 1/2-1/2


[Site "https://www.chess.com"]

[Event "Titled Tuesday Blitz May 31 Early 2022"]
[White "Pichot, Alan"]
[Black "Gunina, Valentina"]
[WhiteFideId "110973"]
[BlackFideId "4167570"]
[WhiteElo "2579"]
[BlackElo "2381"]
[Result "0-1"]
[Round "06"]
[TimeControl "180+1"]
[Date "2022.05.31"]
[WhiteClock "0:00:28"]
[BlackClock "0:02:11"]

1. e4 c6 2. d4 d5 3. e5 c5 4. dxc5 e6 5. a3 Bxc5 6. Nf3 a6 7. Bd3 Ne7 8. O-O Nbc6 9. b4 Ba7 10. Bb2 Ng6 11. Re1 O-O 12. c4 dxc4 13. Bxc4 Qb6 14. Qe2 Bd7 15. Nbd2 Rac8 16. g3 Rfd8 17. Ne4 Bb8 18. Nc5 Be8 19. h4 Nf8 20. Rac1 a5 21. Ne4 axb4 22. Nf6+ gxf6 23. exf6 bxa3 24. Bxa3 Bxg3 25. Rb1 Qa7 26. Bc1 Nd4 27. Nxd4 Qxd4 28. Ba2 Bxh4 0-1


[Site "https://www.chess.com"]

[Event "Titled Tuesday Blitz May 31 Early 2022"]
[White "Plazuelo Pascual, Juan"]
[Black "Petrovic, Aleksa"]
[WhiteFideId "32059566"]
[BlackFideId "967629"]
[WhiteElo "2359"]
[BlackElo "2144"]
[Result "0-1"]
[Round "06"]
[TimeControl "180+1"]
[Date "2022.06.01"]
[WhiteClock "0:00:10"]
[BlackClock "0:00:06"]

1. d4 Nf6 2. c4 e6 3. Nc3 Bb4 4. Bd2 O-O 5. e3 d5 6. Nf3 b6 7. cxd5 exd5 8. Bd3 Bb7 9. Ne5 Be7 10. O-O c5 11. Rc1 Nc6 12. Nxc6 Bxc6 13. dxc5 bxc5 14. Qf3 Qb6 15. b3 Qb7 16. Qh3 g6 17. Ne2 Bb5 18. Bxb5 Qxb5 19. Nf4 Rfd8 20. Bc3 d4 21. Ba1 Bf8 22. exd4 cxd4 23. Qd3 Qe5 24. Ne2 Bd6 25. g3 Bc5 26. Rfd1 Rd5 27. Rxc5 Rxc5 28. Bxd4 Qd6 29. Bxc5 Qxc5 30. Qd6 Ne4 31. Qxc5 Nxc5 32. f3 Re8 33. Kf2 a5 34. Rd5 Rc8 35. Ke3 Na6 36. Rd2 Nb4 37. a3 Nc2+ 38. Kf2 Nxa3 39. Ra2 Nc2 40. Rxa5 Nb4 41. Rb5 Nd3+ 42. Ke3 Ne1 43. Rd5 Nc2+ 44. Kf2 Nb4 45. Rd4 Rb8 46. Nc1 Nc6 47. Rc4 Na5 48. Rc3 Rb4 49. Ke3 Kg7 50. Kd2 Kf6 51. Kc2 Rd4 52. Nd3 Rd6 53. b4 Nc6 54. Kb3 Nd4+ 55. Kc4 Nxf3 56. b5 Nd2+ 57. Kc5 Ne4+ 58. Kb4 Nxc3 59. Kxc3 Kf5 60. Kc4 Ke4 61. Nc5+ Kf3 62. Na4 Kg2 63. b6 Kxh2 64. Kc5 Rd8 65. g4 Kg3 66. b7 Kxg4 67. Nb6 Rb8 68. Kc6 h5 69. Nd7 Rxb7 70. Kxb7 h4 71. Ne5+ Kg3 72. Nxf7 h3 73. Ng5 h2 0-1


[Site "https://www.chess.com"]

[Event "Titled Tuesday Blitz May 31 Early 2022"]
[White "Priasmoro, Novendra"]
[Black "Jumabayev, Rinat"]
[WhiteFideId "7105029"]
[BlackFideId "13702661"]
[WhiteElo "2309"]
[BlackElo "2561"]
[Result "1-0"]
[Round "06"]
[TimeControl "180+1"]
[Date "2022.05.31"]
[WhiteClock "0:01:02"]
[BlackClock "0:00:02"]

1. e4 c6 2. d4 d5 3. Nd2 dxe4 4. Nxe4 Nf6 5. Nxf6+ exf6 6. Be3 Bd6 7. Bd3 O-O 8. c3 Re8 9. Ne2 Qc7 10. Ng3 Nd7 11. O-O Nf8 12. Qd2 h5 13. f4 h4 14. Ne4 h3 15. Rae1 Be6 16. Qf2 f5 17. Ng5 hxg2 18. Qxg2 Bd5 19. Qh3 f6 20. c4 fxg5 21. cxd5 g4 22. Qh4 g6 23. Bc4 cxd5 24. Bxd5+ Kg7 25. Bd2 Qc2 26. Bc3 Nh7 27. Bb3 Qd3 28. d5+ 1-0


[Site "https://www.chess.com"]

[Event "Titled Tuesday Blitz May 31 Early 2022"]
[White "Prokofiev, Valentyn"]
[Black "Lazavik, Denis"]
[WhiteFideId "14160161"]
[BlackFideId "13515110"]
[WhiteElo "2174"]
[BlackElo "2437"]
[Result "0-1"]
[Round "06"]
[TimeControl "180+1"]
[Date "2022.05.31"]
[WhiteClock "0:00:10"]
[BlackClock "0:00:02"]

1. d4 Nf6 2. c4 e6 3. Nf3 d5 4. e3 Bd6 5. b3 O-O 6. Bd3 b6 7. O-O Bb7 8. Bb2 Nbd7 9. Nc3 a6 10. Rc1 Qe7 11. Na4 c5 12. cxd5 exd5 13. Nxb6 Rad8 14. Nxd7 Nxd7 15. dxc5 Nxc5 16. Bb1 Ne4 17. Bd4 f5 18. Qc2 f4 19. exf4 Rxf4 20. Qe2 Rdf8 21. Nd2 Nxd2 22. Qxd2 Qh4 23. Bc5 Rd4 24. g3 Rxd2 25. gxh4 Bxc5 26. Rxc5 d4 27. Bf5 d3 28. Be6+ Kh8 29. Rc7 Bf3 30. Rd7 h5 31. h3 Rf6 32. Bf7 Re2 33. Rc1 Kh7 34. Rc8 d2 35. Bg8+ Kh6 36. Bc4 Rg6+ 0-1


[Site "https://www.chess.com"]

[Event "Titled Tuesday Blitz May 31 Early 2022"]
[White "Sadhwani, Raunak"]
[Black "Yilmaz, Mustafa"]
[WhiteFideId "35093487"]
[BlackFideId "6302718"]
[WhiteElo "2616"]
[BlackElo "2568"]
[Result "1/2-1/2"]
[Round "06"]
[TimeControl "180+1"]
[Date "2022.05.31"]
[WhiteClock "0:00:16"]
[BlackClock "0:00:07"]

1. e4 c5 2. Nf3 d6 3. Bb5+ Nd7 4. Be2 Ngf6 5. Nc3 b6 6. d4 cxd4 7. Qxd4 e5 8. Qe3 Be7 9. O-O O-O 10. Nd2 Nc5 11. b3 Bb7 12. Bb2 Rc8 13. Bc4 Kh8 14. Rfd1 a6 15. a4 Ng4 16. Qe2 Nh6 17. Bd5 Bxd5 18. Nxd5 f5 19. exf5 Nxf5 20. Nc4 b5 21. axb5 axb5 22. Nce3 Nxe3 23. Qxe3 Bh4 24. g3 Bg5 25. Qe2 Ne6 26. Ra7 Qe8 27. Qg4 Rxc2 28. f4 Rxb2 29. fxg5 Rff2 30. Ne3 Nd4 31. Rxd4 exd4 32. Qxd4 Qf8 33. Ra1 Rbd2 34. Qe4 Rfe2 35. Rf1 Qc8 36. Qf4 Qg8 37. h4 Rd3 38. Ng4 Qxb3 39. Qf8+ Qg8 40. Nh6 gxh6 41. Qf6+ Qg7 42. Qd8+ Qg8 43. Qf6+ Qg7 44. Qd8+ Qg8 45. Qf6+ 1/2-1/2


[Site "https://www.chess.com"]

[Event "Titled Tuesday Blitz May 31 Early 2022"]
[White "Secer, Ata"]
[Black "Riehle, Marco"]
[WhiteFideId "6303293"]
[BlackFideId "12904392"]
[WhiteElo "2282"]
[BlackElo "2462"]
[Result "1-0"]
[Round "06"]
[TimeControl "180+1"]
[Date "2022.06.01"]
[WhiteClock "0:00:15"]
[BlackClock "0:00:48"]

1. e4 e5 2. Nf3 Nf6 3. Nxe5 Nxe4 4. Qe2 Qe7 5. Qxe4 d6 6. d4 dxe5 7. dxe5 Nc6 8. Nc3 Qxe5 9. Qxe5+ Nxe5 10. Nb5 Bb4+ 11. c3 Ba5 12. Bf4 f6 13. O-O-O O-O 14. Bxe5 fxe5 15. f3 Be6 16. Na3 Bxa2 17. Bc4+ Bxc4 18. Nxc4 Bb6 19. Rhe1 Rae8 20. Kc2 h6 21. Rd7 Rf7 22. Rxf7 Kxf7 23. Rxe5 Rxe5 24. Nxe5+ Ke6 25. Nc4 Bg1 26. h3 b5 27. Nd2 Ke5 28. Kd3 Kf4 29. Ne4 a5 30. Ke2 c5 31. g3+ Ke5 32. Kf1 Be3 33. Ke2 Bg1 34. Kf1 Be3 35. Ke2 Bc1 36. Nxc5 Bxb2 37. Nd3+ Kd5 38. Nxb2 a4 39. Nd3 Kc4 40. Kd2 Kb3 41. Nb4 a3 42. Kd3 a2 43. Nxa2 Kxa2 44. f4 Kb3 45. g4 Ka4 46. f5 h5 47. gxh5 Ka5 48. f6 gxf6 49. h6 f5 50. h7 Kb6 51. h8=Q f4 52. Qf6+ Ka5 53. Qxf4 1-0


[Site "https://www.chess.com"]

[Event "Titled Tuesday Blitz May 31 Early 2022"]
[White "Sirosh, Ilja"]
[Black "Gormally, Daniel W"]
[WhiteFideId "4500458"]
[BlackFideId "406465"]
[WhiteElo "2241"]
[BlackElo "2543"]
[Result "1-0"]
[Round "06"]
[TimeControl "180+1"]
[Date "2022.06.01"]
[WhiteClock "0:00:15"]
[BlackClock "0:00:17"]

1. e4 c5 2. Nf3 d6 3. d4 cxd4 4. Nxd4 Nf6 5. Nc3 a6 6. Be3 e5 7. Nb3 Be6 8. Qd2 Nbd7 9. f3 b5 10. g4 h6 11. O-O-O Rc8 12. Kb1 Qc7 13. Qf2 Qb8 14. Nd5 Bxd5 15. exd5 Qa8 16. f4 Nxg4 17. Qe2 Nxe3 18. Qxe3 Be7 19. Rg1 O-O 20. fxe5 Nxe5 21. Qxh6 g6 22. Bd3 Bf6 23. Qf4 Bg7 24. h4 Qxd5 25. Be4 Qe6 26. Bd5 Qf6 27. Qxf6 Bxf6 28. h5 Kg7 29. hxg6 fxg6 30. Nd4 g5 31. Ne6+ Kg6 32. Be4+ Kf7 33. Nxf8 Rxf8 34. Rxd6 g4 35. Rxa6 Ke7 36. Bf5 Rg8 37. Re6+ Kf7 38. Rb6 Rg5 39. Rb7+ Kf8 40. Be6 g3 41. Rxb5 Ke7 42. Bd5 Nf3 43. Rb7+ 1-0


[Site "https://www.chess.com"]

[Event "Titled Tuesday Blitz May 31 Early 2022"]
[White "Sokolovsky, Yahli"]
[Black "Fiorito, Fabian"]
[WhiteFideId "2820242"]
[BlackFideId "100200"]
[WhiteElo "1770"]
[BlackElo "2395"]
[Result "0-1"]
[Round "06"]
[TimeControl "180+1"]
[Date "2022.06.01"]
[WhiteClock "0:00:01"]
[BlackClock "0:00:13"]

1. b3 d5 2. Bb2 Nf6 3. e3 c6 4. d4 Bf5 5. Nf3 e6 6. Be2 Nbd7 7. O-O Bd6 8. c4 h6 9. Nbd2 O-O 10. Ne5 a5 11. f4 Ne4 12. Nxe4 Bxe4 13. Nxd7 Qxd7 14. Bd3 Bxd3 15. Qxd3 f5 16. c5 Be7 17. Rab1 Kh8 18. Kh1 g5 19. fxg5 hxg5 20. g4 Rf7 21. Rf3 Raf8 22. Rbf1 Bd8 23. gxf5 exf5 24. Rh3+ Kg8 25. Qe2 g4 26. Rh5 Qe6 27. Qg2 Qg6 28. Rh3 Rg7 29. Rg1 Qg5 30. Rg3 Bc7 31. Rf3 Qh5 32. h3 Rff7 33. Rf2 gxh3 34. Qf3 Rxg1+ 35. Kxg1 Rg7+ 36. Kh1 h2 37. Qxh5 Rg1# 0-1


[Site "https://www.chess.com"]

[Event "Titled Tuesday Blitz May 31 Early 2022"]
[White "Stevens, Christian"]
[Black "Atakhan, Abtin"]
[WhiteFideId "2604450"]
[BlackFideId "22502203"]
[WhiteElo "2501"]
[BlackElo "2094"]
[Result "0-1"]
[Round "06"]
[TimeControl "180+1"]
[Date "2022.06.01"]
[WhiteClock "0:00:02"]
[BlackClock "0:00:12"]

1. d4 d5 2. c4 c6 3. Nc3 Nf6 4. e3 a6 5. Bd3 dxc4 6. Bxc4 b5 7. Bb3 Bb7 8. Nf3 e6 9. O-O c5 10. Qe2 Nbd7 11. Rd1 Qc7 12. d5 c4 13. dxe6 fxe6 14. Bc2 Bd6 15. h3 O-O 16. e4 Ne5 17. Nd4 Qd7 18. f4 Nd3 19. Bxd3 Bc5 20. Bc2 Bxd4+ 21. Be3 Bxe3+ 22. Qxe3 Qc6 23. Rd2 b4 24. Ne2 Nxe4 25. Nd4 Qd5 26. Bxe4 Qxe4 27. Qxe4 Bxe4 28. Nxe6 Rf6 29. Nc5 Bc6 30. Rd4 Bb5 31. Rad1 Rc8 32. Rd8+ Rf8 33. Rxf8+ Kxf8 34. Ne6+ Kf7 35. Ng5+ Kg8 36. Ne4 c3 37. bxc3 bxc3 38. Rc1 c2 39. Kf2 Bd3 40. Nd2 Re8 41. Nb3 Re2+ 42. Kf3 Bc4 43. Nd4 Rd2 44. Nxc2 Bd5+ 45. Ke3 Rxg2 46. Nb4 Bxa2 47. Rc8+ Kf7 48. Rc7+ Kf8 49. Nxa6 Rg3+ 50. Ke4 Rxh3 51. Nc5 Bb1+ 52. Kd4 Bf5 53. Ke5 Rh5 54. Kd6 h6 55. Nb7 Kg8 56. Nd8 Bg4 57. Kc6 Bf3+ 58. Kd6 Rd5+ 59. Ke7 Rf5 60. Ne6 Rf7+ 61. Kd6 Rxc7 62. Kxc7 Kf7 63. Kd6 Kf6 64. Nd4 Be4 65. Kc5 h5 66. Kc4 h4 67. Ne2 Bf3 68. Ng1 Bg4 69. Kd4 Kf5 70. Ke3 h3 71. Kf2 h2 0-1


[Site "https://www.chess.com"]